 Dungeon Crawl Stone Soup version 0.25-a0-578-gc91f01c (webtiles) character file.

Game seed: 1697683079027309866, levelgen mode: deterministic

26814 NeededCrab the Fighter (level 13, -3/109 HPs)
             Began as a Yellow Draconian Ice Elementalist on Mar 5, 2020.
             Was a High Priest of Ru.
             Slain by a six-headed hydra (5 damage)
             ... while petrified by a basilisk
             ... on level 4 of the Lair of Beasts on Mar 7, 2020.
             The game lasted 01:54:02 (21109 turns).

NeededCrab the Fighter (DrIE)                      Turns: 21109, Time: 01:54:03

Health: -3/109     AC: 13    Str: 10    XL:     13   Next: 1%
Magic:  19/28      EV:  2    Int: 19    God:    Ru [*****.]
Gold:   1332       SH:  0    Dex: 12    Spells: 14/35 levels left

rFire    . . .     SeeInvis .   x - +6 whip of the Heavens {drain, rElec rPois Str-2}
rCold    . . .     Gourm    .   (shield unavailable)
rNeg     + + +     Faith    .   (armour unavailable)
rPois    ∞         Spirit   .   (helmet restricted)
rElec    +         Reflect  .   j - +1 cloak
rCorr    +         Harm     .   O - +1 pair of gloves
MR       .....                  F - +0 pair of boots
Stlth    ..........             k - amulet of magic regeneration
HPRegen  0.28/turn              (ring unavailable)
MPRegen  0.46/turn              d - +3 ring of evasion

@: exhausted, petrified
A: spit acid, unfitting armour, frail 1, cold-blooded, missing a hand, no
stealth, acid resistance, AC +8
a: Breathe Acid, Draw Out Power, Power Leap, Apocalypse, Renounce Religion


You were on level 4 of the Lair of Beasts.
You worshipped Ru.
Ru was extremely pleased with you.
You were hungry.

You visited 3 branches of the dungeon, and saw 16 of its levels.
You also visited: Sewer, Bailey and Ice Cave.

You collected 1332 gold pieces.

Inventory:

Hand Weapons
 x - the +6 whip of the Heavens (weapon) {drain, rElec rPois Str-2}
   (You found it on level 4 of the Dungeon)

   A truly terrible weapon, it drains the life of those it strikes.
   It affects your strength (-2).
   It insulates you from electricity.
   It protects you from poison.
Missiles
 c - 20 curare-tipped darts (quivered)
 s - a throwing net
Armour
 j - a +1 cloak (worn)
 F - a +0 pair of boots (worn)
 O - a +1 pair of gloves (worn)
Magical Staves
 n - an uncursed staff of fire
 Q - an uncursed staff of earth
Jewellery
 a - a +3 ring of slaying
 d - a +3 ring of evasion (right hand)
 k - an amulet of magic regeneration (around neck)
Wands
 g - a wand of paralysis (9)
 i - a wand of acid (7)
 r - a wand of polymorph (6)
 w - a wand of flame (42)
 A - a wand of digging (5)
 E - a wand of enslavement (8)
 G - a wand of clouds (8)
 H - a wand of iceblast (11)
 P - a wand of disintegration (18)
Scrolls
 f - 3 scrolls of fear
 h - 4 scrolls of teleportation
 t - 6 scrolls of identify
 u - 4 scrolls of remove curse
 y - 3 scrolls of enchant armour
 B - 2 scrolls of blinking
 C - a scroll of summoning {unknown}
 I - 3 scrolls of fog
Potions
 e - a potion of magic
 l - 2 potions of cancellation
 m - a potion of brilliance
 o - a potion of haste {unknown}
 p - 2 potions of stabbing
 q - a potion of ambrosia {unknown}
 v - 3 potions of lignification {unknown}
 z - 2 potions of flight
 D - 2 potions of resistance {unknown}
 K - a potion of invisibility {unknown}
 L - 2 potions of might {unknown}
 N - 3 potions of curing {unknown}
Comestibles
 b - 27 rations


   Skills:
 * Level 13.5 Fighting
 - Level 6.0 Dodging
 + Level 11.6 Spellcasting
 * Level 5.0 Conjurations
 * Level 3.4 Charms
 - Level 3.0 Summonings
 - Level 10.0 Ice Magic


You had 14 spell levels left.
You knew the following spells:

 Your Spells              Type           Power        Failure   Level  Hunger
a - Freeze                Ice            ####         1%          1    None
b - Frozen Ramparts       Ice            #####.       1%          3    None
c - Summon Ice Beast      Ice/Summ       #####...     4%          4    ##.....
d - Ozocubu's Armour      Chrm/Ice       #####...     1%          3    None
e - Hailstorm             Conj/Ice       #####...     3%          4    ##.....
f - Iskenderun's Battles  Conj/Chrm      ####....     30%         5    ####...
z - Summon Butterflies    Summ           ###.....     1%          1    None

Your spell library contained the following spells:

 Spells                   Type           Power        Failure   Level  Hunger
 Summon Small Mammal      Summ           ###.         1%          1    None
 Searing Ray              Conj           ####..       1%          2    None
 Call Imp                 Summ           ###.....     2%          2    None
 Call Canine Familiar     Summ           ###.....     5%          3    None
 Summon Guardian Golem    Hex/Summ       ###.....     11%         3    None
 Summon Lightning Spire   Summ/Air       ###.....     34%         4    ##.....
 Fireball                 Conj/Fire      ###.......   54%         5    ####...
 Summon Mana Viper        Hex/Summ       ###.....     67%         5    ####...
 Yara's Violent Unravell  Hex/Tmut       ##........   87%         5    ####...
 Orb of Destruction       Conj           ####......   100%        7    #######
 Summon Hydra             Summ           ###.......   100%        7    #######
 Discord                  Hex            ##........   100%        8    #######


Dungeon Overview and Level Annotations

Branches:
Dungeon (11/15)            Temple (1/1) D:5            Lair (4/6) D:9
 Shoals (0/4) Lair:4        Snake (0/4) Lair:2          Orc (0/2) D:11
  Sewer (visited)          Bailey (visited)           IceCv (visited)

Altars:
Ashenzari
Cheibriados
Dithmenos
Elyvilon
Fedhas
Gozag
Hepliaklqana
Kikubaaqudgha
Makhleb
Nemelex Xobeh
Okawaru
Qazlal
Ru
Sif Muna
Trog
Uskayaw
Vehumet
Wu Jian
Xom
Yredelemnul
Zin
The Shining One

Shops:
D:9 *

Annotations:
D:10 exclusion: obsidian statue
Lair:3 exclusion: 4 oklob plants


Innate Abilities, Weirdness & Mutations

You can spit globs of acid.
Your golden yellow scales are hard. (AC +8)
You cannot fit into any form of body armour.
You are frail. (-10% HP)
You are cold-blooded and may be slowed by cold attacks.
You are missing a hand.
You cannot be stealthy.
You are resistant to acid. (rCorr)


Message History

The six-headed hydra bites you!
* * * LOW HITPOINT WARNING * * *
The six-headed hydra bites you but does no damage. x2
The six-headed hydra bites you!
* * * LOW HITPOINT WARNING * * *
The six-headed hydra bites you.
* * * LOW HITPOINT WARNING * * *
The spiny frog is no longer encased in ice.
The six-headed hydra is no longer blind.
The spiny frog stings you!
* * * LOW HITPOINT WARNING * * *
You focus your will and blind the spiny frog in retribution!
The basilisk bites you.
* * * LOW HITPOINT WARNING * * *
You focus your will and illuminate the basilisk in retribution!
The six-headed hydra bites you.
* * * LOW HITPOINT WARNING * * *
The six-headed hydra bites you but does no damage. x2
The six-headed hydra bites you!
You die...

a.....a....#
........#.#
......((.#.####
.......(.##...##
........<...†..###
..............#..#
......#........#####
......#...(..DF###.#
.............l@##..#
...........(.......##
....................#
....................##
.....####.......#
..... ##....<.# #..
#......P# ##.###.##
### ##


You could see a six-headed hydra, a spiny frog (blind) and a basilisk.

Vanquished Creatures
  4 hydras
  3 two-headed ogres
  2 unseen horrors
  3 elephants (Lair:3)
  A cyclops (D:11)
  An ugly thing (D:8)
  2 black mambas
  6 spiny frogs
  4 rime drakes
  5 komodo dragons
  2 kobold demonologists (D:11)
  3 trolls
  A polar bear (IceCv)
  Prince Ribbit (D:5)
  4 hippogriffs
  15 yaks
  A wyvern (D:11)
  A basilisk (Lair:4)
  2 hungry ghosts
  A human (D:9)
  3 hogs (D:9)
  3 nagas (Lair:2)
  6 soldier ants
  4 water moccasins
  7 porcupines
  Purgy (Sewer)
  7 orc warriors
  4 sky beasts
  A black bear (D:10)
  3 wolves (IceCv)
  A phantom (D:7)
  6 centaurs
  An ogre (D:9)
  6 big kobolds
  5 crocodiles
  7 bullfrogs
  A wyvern zombie (D:11)
  2 wyvern skeletons
  3 scorpions
  9 killer bees (D:11)
  An electric eel (Lair:1)
  2 howler monkeys (D:6)
  9 jellies
  5 crimson imps
  A centaur zombie (D:7)
  9 orc priests
  2 centaur skeletons
  6 hounds
  10 orc wizards
  A bullfrog skeleton (D:7)
  6 iguanas
  Ijyb (D:4)
  11 worker ants
  A hound zombie (D:6)
  A hound skeleton (D:4)
  A howler monkey zombie (D:10)
  6 gnolls
  13 adders
  2 shadow imps
  An ooze (D:1)
  An adder zombie (D:6)
  4 adder skeletons
  A worm (D:4)
  2 dart slugs
  3 leopard geckos
  35 orcs
  6 ball pythons
  6 giant cockroaches
  11 goblins
  9 hobgoblins
  14 jackals
  9 quokkas
  15 bats
  5 frilled lizards
  A jackal skeleton (D:4)
  28 kobolds
  A leopard gecko skeleton (D:6)
  A quokka skeleton (D:5)
  9 rats
  A fungus (Lair:4)
  A plant (Lair:2)
394 creatures vanquished.

Vanquished Creatures (collateral kills)
  Erica (D:9)
  Sigmund (D:4)
  An orc warrior (D:9)
  A centaur (D:5)
  A bullfrog (D:9)
  A wyvern zombie (D:8)
  An electric eel (Lair:3)
  A bullfrog zombie (D:6)
  2 orc priests
  A jelly (D:8)
  An orc wizard (D:7)
  A worker ant (D:7)
13 creatures vanquished.

Vanquished Creatures (others)
  A polar bear (IceCv)
  2 yaks
  A soldier ant (Lair:4)
  A wolf (IceCv)
  A kobold (Bailey)
  A fungus (Lair:4)
  4 plants
11 creatures vanquished.

Grand Total: 418 creatures vanquished

Notes
Turn   | Place    | Note
-------+----------+-------------------------------------------
     0 | D:1      | NeededCrab the Draconian Ice Elementalist began the quest
                  | for the Orb.
     0 | D:1      | Reached XP level 1. HP: 14/14 MP: 3/3
   193 | D:1      | Reached XP level 2. HP: 22/22 MP: 3/5
   588 | D:1      | You fall into a shaft and drop 1 floor!
   615 | D:2      | Reached skill level 1 in Fighting
   978 | D:1      | Reached XP level 3. HP: 28/28 MP: 4/6
   983 | D:1      | Learned a level 3 spell: Frozen Ramparts
  1980 | D:2      | Reached XP level 4. HP: 36/36 MP: 3/7
  2025 | D:2      | Learned a level 4 spell: Summon Ice Beast
  2275 | D:2      | Reached skill level 2 in Fighting
  2275 | D:2      | Reached skill level 5 in Ice Magic
  3061 | D:3      | Reached XP level 5. HP: 39/42 MP: 0/9
  3168 | D:3      | Reached skill level 1 in Summonings
  3495 | D:3      | Found a sacrificial altar of Ru.
  3506 | D:3      | Became a worshipper of Ru the Awakened
  3717 | D:3      | Reached skill level 3 in Fighting
  3789 | D:3      | Reached XP level 6. HP: 51/51 MP: 6/10
  4077 | D:4      | Found a glowing drain.
  4088 | Sewer    | Entered a sewer
  4204 | Sewer    | Noticed Purgy
  4236 | Sewer    | Killed Purgy
  4826 | D:4      | Noticed Ijyb
  4835 | D:4      | Killed Ijyb
  4835 | D:4      | Your scales start taking on a golden yellow colour.
  4835 | D:4      | Reached XP level 7. HP: 57/58 MP: 6/12
  4835 | D:4      | Gained mutation: You are resistant to acid. (rCorr) [Yellow
                  | Draconian growth]
  4947 | D:4      | Got a brightly glowing whip
  4948 | D:4      | Identified the +6 whip of the Heavens {drain, rElec rPois
                  | Str-2} (You found it on level 4 of the Dungeon)
  4953 | D:4      | Noticed Sigmund
  4966 | D:4      | Killed Sigmund
  4966 | D:4      | Reached skill level 4 in Fighting
  5167 | D:5      | Entered Level 5 of the Dungeon
  5274 | D:5      | Found a staircase to the Ecumenical Temple.
  5311 | Temple   | Entered the Ecumenical Temple
  5655 | D:5      | Noticed Prince Ribbit
  5670 | D:5      | Killed Prince Ribbit
  5950 | D:5      | Gained mutation: You are missing a hand. [Ru sacrifice]
  5950 | D:5      | Reached * piety under Ru
  5950 | D:5      | Reached ** piety under Ru
  5950 | D:5      | Reached *** piety under Ru
  5958 | D:5      | Reached skill level 5 in Fighting
  6051 | D:5      | Reached XP level 8. HP: 68/68 MP: 9/15
  6675 | D:6      | Reached skill level 5 in Spellcasting
  6971 | D:6      | Learned a level 3 spell: Ozocubu's Armour
  6976 | D:6      | Learned a level 4 spell: Hailstorm
  7140 | D:6      | Reached skill level 1 in Conjurations
  7320 | D:6      | Reached skill level 6 in Fighting
  7917 | D:7      | Reached XP level 9. HP: 72/78 MP: 2/17
  8340 | D:7      | Reached skill level 7 in Fighting
  8674 | D:7      | Gained mutation: You cannot be stealthy. [Ru sacrifice]
  9054 | D:7      | Found a glowing golden altar of the Shining One.
 10001 | D:8      | Noticed a purple ugly thing
 10004 | D:8      | Noticed a two-headed ogre
 10013 | D:8      | Killed a purple ugly thing
 10013 | D:8      | Reached skill level 8 in Fighting
 10018 | D:8      | Killed a two-headed ogre
 10018 | D:8      | Reached XP level 10. HP: 88/90 MP: 3/21
 10635 | D:9      | Noticed a four-headed hydra
 10671 | D:9      | Killed a four-headed hydra
 10671 | D:9      | Reached skill level 9 in Fighting
 10847 | D:9      | Noticed Erica
 10873 | D:9      | Killed Erica
 11217 | D:9      | Reached skill level 10 in Ice Magic
 11526 | D:9      | Found a staircase to the Lair.
 11582 | D:9      | Gained mutation: You are frail. (-10% HP) [Ru sacrifice]
 11582 | D:9      | Reached **** piety under Ru
 11582 | D:9      | Reached ***** piety under Ru
 11782 | D:9      | Reached skill level 10 in Fighting
 11906 | D:9      | Found Duxoc's Assorted Antiques.
 12044 | D:10     | Entered Level 10 of the Dungeon
 12302 | D:10     | Noticed a two-headed ogre
 12315 | D:10     | Reached XP level 11. HP: 89/89 MP: 20/23
 12335 | D:10     | Killed a two-headed ogre
 12608 | D:10     | Noticed an obsidian statue
 13079 | D:10     | Killed an unseen horror
 13700 | D:11     | Noticed a two-headed ogre
 13712 | D:11     | Killed a two-headed ogre
 13845 | D:11     | Killed an unseen horror
 13845 | D:11     | Reached skill level 11 in Fighting
 13845 | D:11     | Reached skill level 5 in Dodging
 14012 | D:11     | Found a flagged portal.
 14025 | Bailey   | Entered a bailey
 14590 | Bailey   | Found an iron altar of Okawaru.
 14957 | D:11     | Found a staircase to the Orcish Mines.
 14981 | D:11     | Reached skill level 10 in Spellcasting
 15349 | D:11     | Got a pair of dazzling boots
 15360 | D:11     | Identified the +0 pair of boots of Dishonesty {rF+ rN+
                  | Dex-5} (You found it on level 11 of the Dungeon)
 15641 | Lair:1   | Entered Level 1 of the Lair of Beasts
 15926 | Lair:1   | Noticed a six-headed hydra
 15937 | Lair:1   | Reached XP level 12. HP: 98/100 MP: 18/26
 15941 | Lair:1   | Killed a six-headed hydra
 15941 | Lair:1   | Reached skill level 12 in Fighting
 16156 | Lair:1   | Found a frozen archway.
 16162 | IceCv    | Entered an ice cave
 17462 | Lair:2   | Noticed a six-headed hydra
 17523 | Lair:2   | Killed a six-headed hydra
 17806 | Lair:2   | Found a staircase to the Snake Pit.
 17934 | Lair:2   | Identified a scroll of acquirement
 17934 | Lair:2   | Identified the Catalogue of Arcane Weapons and Bewitchment
                  | (You acquired it on level 2 of the Lair of Beasts)
 17940 | Lair:2   | Learned a level 1 spell: Summon Butterflies
 18117 | Lair:2   | Learned a level 5 spell: Iskenderun's Battlesphere
 18153 | Lair:2   | Reached skill level 13 in Fighting
 18713 | Lair:3   | Reached skill level 1 in Charms
 18912 | Lair:3   | Noticed a six-headed hydra
 18943 | Lair:3   | Killed a six-headed hydra
 19053 | Lair:3   | Got a translucent glass ring
 19054 | Lair:3   | Identified the cursed ring of Liberty {rPois Dex-4} (You
                  | found it on level 3 of the Lair of Beasts)
 20498 | Lair:4   | Found a staircase to the Shoals.
 20840 | Lair:4   | Noticed a six-headed hydra
 20903 | Lair:4   | Reached XP level 13. HP: 71/109 MP: 16/28
 21094 | Lair:4   | Reached skill level 5 in Conjurations
 21109 | Lair:4   | HP: 5/109 [basilisk (1)]
 21109 | Lair:4   | HP: 2/109 [six-headed hydra (3)]
 21109 | Lair:4   | Slain by a six-headed hydra

Levels and vault maps discovered:
D:1:      scummos_arrival_simple_crosswalls, layout_basic
D:2:      layout_basic, serial_corexii_hall, chequers_hall_statues_corner_a,
          corexii_hall_statues_i, minmay_cupped
D:3:      layout_rooms, nicolae_overflow_crystal_walls, eino_tiny_chamber
D:4:      layout_basic, cheibrodos_sewer_entry_sluice, first_ration,
          uniq_sigmund, uniq_ijyb
D:5:      layout_basic, minmay_temple_entry_large_hall, uniq_prince_ribbit1
D:6:      layout_loops_ring, kennysheep_generic_room_7
D:7:      layout_basic, wad_floor_pattern_untrapped, tso_altar
D:8:      layout_loops_cross
D:9:      layout_roguey, lair_entry_dummy, serial_shops, kennysheep_mini,
          grunt_livestock, uniq_erica
D:10:     layout_irregular_city, minmay_statue_bubble
D:11:     layout_cave_pools, orc_0_dummy, enter_bailey_7, chequers_avenue
Temple:   compressed_dpeg_triangle_lava_temple
Lair:1:   layout_loops_ring, portal_ice_cave_rime, grunt_megastairs_4,
          serial_bayou_shore_a
Lair:2:   layout_roguey, guppyfry_snake_entry_island, grunt_megastairs_5
Lair:3:   layout_cave_pods, nicolae_quartered_pool_little, serial_bayou_shore_b,
          minmay_lair_oklob_chamber, serial_bayou_shore_b
Lair:4:   layout_cave_shapes, minmay_shoals_entry_centaurs, minivault_29

Skill      XL: |  1  2  3  4  5  6  7  8  9 10 11 12 13 |
---------------+----------------------------------------+-----
Fighting       | 1 2 3 5 6 8 10 11 13 | 13.5
Ice Magic      | 5 6 7 9 10 | 10.0
Spellcasting   | 3 4 5 7 8 10 11 | 11.6
Summonings     | 1 2 3 |  3.0
Conjurations   | 2 3 4 5 |  5.0
Stealth        | 0 |  0.0
Dodging        | 3 6 |  6.0
Charms         | 3 |  3.4

Action                   |  1- 3 |  4- 6 |  7- 9 | 10-12 | 13-15 || total
-------------------------+-------+-------+-------+-------+-------++-------
Melee: Unarmed           |    37 |    12 |       |       |       ||    49
       Tailslap          |     2 |     1 |    11 |    35 |       ||    49
       Staff             |       |     2 |       |       |       ||     2
       Whip              |       |       |   112 |   228 |     2 ||   342
 Cast: Freeze            |    37 |    23 |    28 |   127 |     2 ||   217
       Frozen Ramparts   |     9 |    36 |    60 |   104 |     1 ||   210
       Summon Ice Beast  |       |       |    13 |     7 |       ||    20
       Ozocubu's Armour  |       |       |     5 |     5 |       ||    10
       Hailstorm         |       |       |       |    14 |     1 ||    15
       Summon Butterflie |       |       |       |    30 |       ||    30
       Iskenderun's Batt |       |       |       |     4 |     1 ||     5
Invok: Sacrifice a Hand  |       |       |     1 |       |       ||     1
       Draw Out Power    |       |       |     2 |     1 |       ||     3
       Sacrifice Stealth |       |       |     1 |       |       ||     1
       Power Leap        |       |       |       |    30 |     1 ||    31
       Sacrifice Health  |       |       |       |     1 |       ||     1
       Reject Sacrifices |       |       |       |     1 |       ||     1
 Abil: Breathe Acid      |       |       |     4 |     5 |       ||     9
  Use: Scroll            |       |     7 |       |    15 |       ||    22
 Stab: Invisible         |       |       |     1 |       |       ||     1
       Distracted        |       |       |       |     1 |       ||     1
  Eat: Chunk             |     5 |    13 |    19 |    36 |       ||    73
       Ration            |       |       |     1 |     1 |       ||     2
Armor: Skin              |    15 |    37 |    37 |   137 |    12 ||   238
Dodge: Dodged            |    32 |    70 |    84 |   328 |     6 ||   520

Table legend:
 A = Non-vault XP
 B = Vault XP
 C = Vault XP percentage of total XP
 D = Non-vault monster count
 E = Vault monster count
 F = Vault count percentage of total count
                 A         B        C        D         E       F
            +---------+---------+-------+---------+---------+-------
      Total |   29392 |    8914 |  23.3 |     336 |      73 |  17.8
            +---------+---------+-------+---------+---------+-------
        D:1 |      55 |       0 |   0.0 |      29 |       0 |   0.0
        D:2 |      68 |      18 |  20.9 |      20 |       3 |  13.0
        D:3 |     244 |       0 |   0.0 |      23 |       0 |   0.0
        D:4 |     219 |     203 |  48.1 |      18 |       6 |  25.0
        D:5 |     286 |     283 |  49.7 |      16 |       1 |   5.9
        D:6 |     874 |       0 |   0.0 |      24 |       0 |   0.0
        D:7 |    1434 |       0 |   0.0 |      32 |       0 |   0.0
        D:8 |    2029 |       0 |   0.0 |      23 |       0 |   0.0
        D:9 |    2650 |    1864 |  41.3 |      39 |       6 |  13.3
       D:10 |    2556 |       0 |   0.0 |      19 |       0 |   0.0
       D:11 |    6943 |      32 |   0.5 |      48 |       4 |   7.7
     Lair:1 |    3128 |    1552 |  33.2 |      11 |       4 |  26.7
     Lair:2 |    2135 |    1750 |  45.0 |      10 |       6 |  37.5
     Lair:3 |    5684 |     385 |   6.3 |      20 |       5 |  20.0
     Lair:4 |    1087 |    1196 |  52.4 |       4 |       9 |  69.2
      Sewer |       0 |     143 | 100.0 |       0 |       6 | 100.0
     Bailey |       0 |     425 | 100.0 |       0 |      15 | 100.0
      IceCv |       0 |    1063 | 100.0 |       0 |       8 | 100.0
            +---------+---------+-------+---------+---------+-------
